 Dungeon Crawl Stone Soup version 0.21.1-1-g345015f (webtiles) character file.

48 Iko the Skirmisher (level 4, -3/37 HPs)
             Began as a Formicid Chaos Knight on June 2, 2018.
             Slain by a gnoll
             ... wielding a +0 spear
              (5 damage)
             ... on level 3 of the Dungeon.
             The game lasted 00:05:42 (738 turns).

Iko the Skirmisher (Formicid Chaos Knight)           Turns: 738, Time: 00:05:42

Health: -3/37      AC:  5    Str: 15 (17) XL:     4   Next: 0%
Magic:  4/4        EV: 11    Int: 10 (11) God:    Xom [.*....]
Gold:   95         SH:  0    Dex: 10 (11) Spells: 3/3 levels left

rFire    . . .     SeeInvis +   a - +0 falchion (chaos)
rCold    . . .     Gourm    .   (no shield)
rNeg     . . .     Faith    .   b - +2 leather armour
rPois    .         Spirit   .   (helmet unavailable)
rElec    .         Reflect  .   (no cloak)
rCorr    .         Harm     .   (no gloves)
MR       .....                  (no boots)
Stlth    ..........             (no amulet)
HPRegen  0.12/turn              d - ring of loudness (curse)
MPRegen  0.09/turn              (no ring)

@: no status effects
A: permanent stasis, dig shafts and tunnels, four strong arms, antennae 3
a: Dig, Shaft Self, Renounce Religion


You were on level 3 of the Dungeon.
You worshipped Xom.
You were a plaything of Xom.
You were hungry.

You visited 1 branch of the dungeon, and saw 3 of its levels.

You collected 95 gold pieces.

Inventory:

Hand Weapons
 a - a +0 falchion of chaos (weapon)
Armour
 b - a +2 leather armour (worn)
Jewellery
 d - a cursed ring of loudness (left hand)
Scrolls
 e - 2 scrolls of magic mapping
Comestibles
 c - 2 rations


   Skills:
 + Level 3.9 Fighting
 + Level 3.8 Long Blades
 + Level 2.4 Armour
 + Level 1.0 Dodging
 + Level 0.4 Stealth


You had 3 spell levels left.
You didn't know any spells.

Dungeon Overview and Level Annotations

Branches:
Dungeon (2/15)

Altars:
Cheibriados
Dithmenos

Annotations:
D:3 Robin


Innate Abilities, Weirdness & Mutations

You cannot be hasted, slowed, berserked, paralysed or teleported.
You can dig through walls and to a lower floor.
Your four strong arms can wield two-handed weapons with a shield.
You have a pair of large antennae on your head. (SInv)


Message History

The gnoll closely misses you.
You closely miss the gnoll.
The gnoll is moderately wounded.
The gnoll closely misses you. The gnoll barely misses you.
The gnoll misses you.
You closely miss the gnoll.
The gnoll is moderately wounded.
The gnoll hits you from afar with a spear.
The gnoll hits you from afar with a spear!
* * * LOW HITPOINT WARNING * * *
The gnoll hits you with a club.
* * * LOW HITPOINT WARNING * * *
An orc comes into view.
Are you sure you want to shaft yourself?
You are feeling hungry.
The orc shouts!
The gnoll hits you but does no damage.
The gnoll hits you from afar with a spear.
You die...
Xom titters!

##... ##...##
#.o#.. #....
#.#.#
#########.#.#
......g.....###.#
......gg@.......#
#.#######.#(#####
#.# #.....# #.#
#.....###.# #(#
#.........# #.#
#.....##### #.#
#.....# #(#
###†### #.#####
#.#


You could see 3 gnolls and an orc.

Vanquished Creatures
  A leopard gecko (D:3)
  An orc (D:3)
  5 bats
  2 giant cockroaches
  11 goblins
  7 hobgoblins
  A quokka (D:3)
  A ball python (D:3)
  3 frilled lizards
  3 kobolds
  6 rats
41 creatures vanquished.

Notes
Turn   | Place    | Note
-------+----------+-------------------------------------------
     0 | D:1      | Iko the Formicid Chaos Knight began the quest for the Orb.
     0 | D:1      | Reached XP level 1. HP: 18/18 MP: 1/1
   110 | D:1      | XOM: smoke on damage
   135 | D:1      | Reached XP level 2. HP: 19/24 MP: 2/2
   427 | D:2      | Found a shadowy altar of Dithmenos.
   427 | D:2      | Found a snail-covered altar of Cheibriados.
   427 | D:2      | XOM: mild Erth miscast
   506 | D:2      | XOM: mild Ice miscast
   552 | D:2      | Reached XP level 3. HP: 30/30 MP: 3/3
   560 | D:2      | You fall through a shaft!
   569 | D:3      | Reached skill level 1 in Dodging
   614 | D:3      | Noticed Robin
   623 | D:3      | XOM: mild Tmut miscast
   661 | D:3      | XOM: noise
   722 | D:3      | Reached XP level 4. HP: 26/37 MP: 4/4
   738 | D:3      | Slain by a gnoll

Skill      XL: |  1  2  3 |
---------------+----------+-----
Dodging        | 1 |  1.0
Fighting       | |  3.9
Long Blades    | |  3.8
Armour         | |  2.4
Stealth        | |  0.4

Action                   |  1- 3 |  4- 6 || total
-------------------------+-------+-------++-------
Melee: Falchion          |   111 |     4 ||   115
 Abil: Shaft Self        |     1 |     1 ||     2
       Dig               |     1 |       ||     1
  Use: Potion            |     2 |       ||     2
       Scroll            |     2 |       ||     2
 Stab: Petrifying        |     1 |       ||     1
Armor: Leather armour    |    41 |     1 ||    42
Dodge: Dodged            |    61 |     5 ||    66
       Rpst.: Falchion   |    22 |       ||    22
